[Event "FICS rated blitz game"]
[Site "FICS freechess.org"]
[FICSGamesDBGameNo "20000872"]
[White "ShahMatta"]
[Black "Haaz"]
[WhiteElo "1266"]
[BlackElo "1334"]
[WhiteRD "na"]
[BlackRD "na"]
[TimeControl "240+2"]
[Date "1999.06.13"]
[Time "23:08:00"]
[WhiteClock "0:04:00.000"]
[BlackClock "0:04:00.000"]
[ECO "D00"]
[PlyCount "76"]
[Result "1-0"]

1. d4 d5 2. e3 Nc6 3. c4 Nf6 4. cxd5 Nxd5 5. Nc3 Bf5 6. Bb5 Nxc3 7. Bxc6+ bxc6 8. bxc3 Be4 9. f3 Bd5 10. e4 Bc4 11. Qa4 Bb5 12. Qb3 e6 13. c4 Ba6 14. Qa4 Bb7 15. Bf4 Be7 16. e5 O-O 17. Ne2 f6 18. O-O fxe5 19. Bxe5 Bf6 20. Rad1 Bxe5 21. dxe5 Qe7 22. Nd4 Rad8 23. Nxc6 Qc5+ 24. Nd4 Rxd4 25. Kh1 Rxc4 26. Qb3 Bd5 27. Rb1 Rc2 28. Qd3 Rxa2 29. Rfc1 Qf2 30. Rg1 h5 31. Rbf1 Qb2 32. Qg6 h4 33. Qh5 a5 34. Qxh4 Qxe5 35. Re1 Qc3 36. f4 Bxg2+ 37. Rxg2 Rxg2 38. Kxg2 Qd2+ {Black resigns} 1-0

[Event "FICS rated blitz game"]
[Site "FICS freechess.org"]
[FICSGamesDBGameNo "20000871"]
[White "RicFlair"]
[Black "alto"]
[WhiteElo "1886"]
[BlackElo "1616"]
[WhiteRD "na"]
[BlackRD "na"]
[TimeControl "180+0"]
[Date "1999.06.13"]
[Time "21:11:00"]
[WhiteClock "0:03:00.000"]
[BlackClock "0:03:00.000"]
[ECO "D13"]
[PlyCount "69"]
[Result "1-0"]

1. d4 c6 2. c4 d5 3. cxd5 cxd5 4. Nc3 Nf6 5. Nf3 a6 6. Bg5 e6 7. e3 h6 8. Bxf6 Qxf6 9. Ne5 Nc6 10. f4 Bb4 11. Bd3 Nxe5 12. fxe5 Qh4+ 13. g3 Qe7 14. O-O Bd7 15. Qf3 O-O 16. Ne2 Rac8 17. Nf4 Bb5 18. Bxb5 axb5 19. Rfc1 Bd2 20. Rd1 Rc2 21. Nd3 Rfc8 22. Rab1 Qg5 23. Nf4 b4 24. h4 Qe7 25. Nh5 b3 26. axb3 Bb4 27. Rf1 Rd2 28. Qg4 g6 29. Nf6+ Kg7 30. Rf2 Rcc2 31. Rxd2 Bxd2 32. Qf4 Qb4 33. Rf1 Qxb3 34. Ne8+ Kh8 35. Qf6+ {Black forfeits on time} 1-0

[Event "FICS rated blitz game"]
[Site "FICS freechess.org"]
[FICSGamesDBGameNo "20000870"]
[White "rsand"]
[Black "mattsson"]
[WhiteElo "1646"]
[BlackElo "1327"]
[WhiteRD "na"]
[BlackRD "na"]
[TimeControl "300+3"]
[Date "1999.06.13"]
[Time "15:49:00"]
[WhiteClock "0:05:00.000"]
[BlackClock "0:05:00.000"]
[ECO "A40"]
[PlyCount "123"]
[Result "1-0"]

1. d4 b6 2. c4 Bb7 3. Nc3 e6 4. e4 c5 5. d5 g6 6. Nf3 Bg7 7. Bd2 Ne7 8. Bd3 O-O 9. O-O Ba6 10. Qc1 exd5 11. exd5 Nf5 12. Bxf5 gxf5 13. b3 d6 14. Bg5 f6 15. Bf4 Qc7 16. Qd2 Nd7 17. Qc2 Ne5 18. Nh4 Bc8 19. Nxf5 Bxf5 20. Qxf5 Qf7 21. Nb5 Qg6 22. Qe6+ Qf7 23. Bxe5 dxe5 24. Qxf7+ Rxf7 25. Rad1 Rd7 26. f4 e4 27. f5 e3 28. Rde1 Re8 29. Rf3 Bh6 30. Nc3 Re5 31. Re2 Kf7 32. g4 Bg5 33. Nd1 Re4 34. h3 Rd8 35. Nxe3 Rde8 36. Kf2 Bh4+ 37. Kf1 Bg5 38. Kf2 Bh4+ 39. Kg2 Bg5 40. Kf2 Bh4+ 41. Kf1 Bg5 42. d6 Bxe3 43. d7 Rd8 44. Rfxe3 Rxe3 45. Rxe3 Rxd7 46. Ke2 Rd4 47. Re6 h6 48. Re3 Kf8 49. Kf3 Kf7 50. Re2 Kf8 51. Ke3 Rd7 52. Rd2 Re7+ 53. Kf3 Ke8 54. h4 Kf7 55. Kf4 Kf8 56. g5 hxg5+ 57. hxg5 fxg5+ 58. Kxg5 Rg7+ 59. Kf6 Rf7+ 60. Ke6 Kg7 61. Rg2+ Kh6 62. Kxf7 {Black resigns} 1-0

[Event "FICS rated blitz game"]
[Site "FICS freechess.org"]
[FICSGamesDBGameNo "20000868"]
[White "HAAG"]
[Black "MartijnM"]
[WhiteElo "1843"]
[BlackElo "1983"]
[WhiteRD "na"]
[BlackRD "na"]
[TimeControl "300+0"]
[Date "1999.06.13"]
[Time "12:42:00"]
[WhiteClock "0:05:00.000"]
[BlackClock "0:05:00.000"]
[ECO "D52"]
[PlyCount "101"]
[Result "1-0"]

1. d4 d5 2. Nf3 Nf6 3. Bg5 e6 4. e3 Nbd7 5. c4 c6 6. Nc3 Bb4 7. Qc2 Qa5 8. Nd2 Bxc3 9. bxc3 dxc4 10. Bxf6 Nxf6 11. Bxc4 Qc7 12. O-O Ng4 13. g3 h5 14. Be2 e5 15. dxe5 Qxe5 16. Nf3 Qc7 17. Qe4+ Be6 18. Ng5 Qe5 19. Qxe5 Nxe5 20. Nxe6 fxe6 21. Rad1 Ke7 22. Rd2 Rad8 23. Rfd1 Rxd2 24. Rxd2 g6 25. f4 Nf7 26. Bc4 Rd8 27. Rxd8 Nxd8 28. e4 Nf7 29. Kf2 Nd6 30. Bd3 b6 31. Ke3 c5 32. h3 Nf7 33. e5 Nh8 34. g4 hxg4 35. hxg4 Kd7 36. Be4 Ke7 37. Kd3 Kd7 38. Kc4 Kc7 39. Kb5 g5 40. fxg5 Nf7 41. g6 Nh6 42. g7 Kb8 43. g5 Ng8 44. Bh7 Ne7 45. g8=Q+ Nxg8 46. Bxg8 Kb7 47. Bxe6 a6+ 48. Kc4 Kc6 49. g6 b5+ 50. Kd3 a5 51. g7 {Black resigns} 1-0

[Event "FICS rated blitz game"]
[Site "FICS freechess.org"]
[FICSGamesDBGameNo "20000867"]
[White "Vard"]
[Black "Imi"]
[WhiteElo "1720"]
[BlackElo "1623"]
[WhiteRD "na"]
[BlackRD "na"]
[TimeControl "180+0"]
[Date "1999.06.13"]
[Time "12:21:00"]
[WhiteClock "0:03:00.000"]
[BlackClock "0:03:00.000"]
[ECO "B10"]
[PlyCount "71"]
[Result "1-0"]

1. e4 c6 2. f4 d5 3. e5 c5 4. Nf3 Nc6 5. b3 Bf5 6. Bb2 e6 7. Nc3 Nge7 8. Ne2 Ng6 9. Ng3 Nxf4 10. Nxf5 exf5 11. d3 g5 12. Qd2 Bh6 13. O-O-O Qb6 14. g3 Ne6 15. Kb1 Nb4 16. h4 Nc7 17. hxg5 Bg7 18. a3 a5 19. Bh3 Qg6 20. Nh4 Qe6 21. Nxf5 Qg6 22. Nd6+ Ke7 23. Bf5 Qxd6 24. exd6+ Kxd6 25. Bxg7 Rhg8 26. Bf6 Kc6 27. Rxh7 Rgf8 28. axb4 axb4 29. Qf4 Ra3 30. Be7 Rfa8 31. Qd6+ Kb5 32. Bd7+ Ka5 33. Qxc7+ b6 34. Rh6 Ra6 35. Bxc5 d4 36. Rxb6 {Black resigns} 1-0

[Event "FICS rated blitz game"]
[Site "FICS freechess.org"]
[FICSGamesDBGameNo "20000866"]
[White "moose"]
[Black "NancyLovebone"]
[WhiteElo "1243"]
[BlackElo "1158"]
[WhiteRD "na"]
[BlackRD "na"]
[TimeControl "120+12"]
[Date "1999.06.13"]
[Time "08:24:00"]
[WhiteClock "0:02:00.000"]
[BlackClock "0:02:00.000"]
[ECO "C00"]
[PlyCount "42"]
[Result "1-0"]

1. e4 e6 2. Nf3 d5 3. exd5 exd5 4. Be2 Nf6 5. O-O c5 6. d4 Nc6 7. Re1 Be7 8. dxc5 O-O 9. Be3 Qa5 10. a3 Bxc5 11. b4 Nxb4 12. Bxc5 Qxc5 13. axb4 Qxb4 14. Nbd2 Bf5 15. Rb1 Qc3 16. Rb3 Qxc2 17. Qxc2 Bxc2 18. Rxb7 Rfe8 19. Rc7 Bf5 20. Bb5 Rxe1+ 21. Nxe1 Rb8 {Black resigns} 1-0

[Event "FICS rated blitz game"]
[Site "FICS freechess.org"]
[FICSGamesDBGameNo "20000865"]
[White "babalino"]
[Black "Bluemaster"]
[WhiteElo "1976"]
[BlackElo "1843"]
[WhiteRD "na"]
[BlackRD "na"]
[TimeControl "180+0"]
[Date "1999.06.13"]
[Time "06:16:00"]
[WhiteClock "0:03:00.000"]
[BlackClock "0:03:00.000"]
[ECO "B52"]
[PlyCount "106"]
[Result "1/2-1/2"]

1. e4 c5 2. Nf3 d6 3. Bb5+ Bd7 4. Bxd7+ Qxd7 5. O-O Nc6 6. c3 g6 7. d4 cxd4 8. Nxd4 Bg7 9. Re1 Nf6 10. Bg5 O-O 11. Nd2 a6 12. a4 Rac8 13. Nxc6 Rxc6 14. Qe2 Qc7 15. Kh1 Re8 16. h3 Nd7 17. f4 Nb6 18. f5 Nc4 19. Nxc4 Rxc4 20. fxg6 hxg6 21. a5 Rc5 22. Bf4 Rxa5 23. Rxa5 Qxa5 24. e5 dxe5 25. Bxe5 Bxe5 26. Qxe5 Qxe5 27. Rxe5 e6 28. Rc5 Re7 29. Kg1 Rd7 30. b4 Kf8 31. Kf2 Ke7 32. Ke3 Kd8 33. Ke4 Rd2 34. g3 Kd7 35. h4 Rg2 36. Kf3 Rd2 37. Kf4 f6 38. g4 e5+ 39. Ke4 Re2+ 40. Kf3 Rd2 41. g5 fxg5 42. hxg5 Kd6 43. Rc8 Rd3+ 44. Ke4 Rg3 45. Rd8+ Kc7 46. Rg8 Rxg5 47. Kd5 Kb6 48. c4 Kc7 49. c5 Rg4 50. Kxe5 Rxb4 51. Rxg6 Rb5 52. Kd4 Kb8 53. Rg7 Ka7 {Game drawn by mutual agreement} 1/2-1/2

[Event "FICS rated blitz game"]
[Site "FICS freechess.org"]
[FICSGamesDBGameNo "20000863"]
[White "VELOO"]
[Black "noto"]
[WhiteElo "1553"]
[BlackElo "1463"]
[WhiteRD "na"]
[BlackRD "na"]
[TimeControl "120+12"]
[Date "1999.06.13"]
[Time "04:48:00"]
[WhiteClock "0:02:00.000"]
[BlackClock "0:02:00.000"]
[ECO "D20"]
[PlyCount "87"]
[Result "1-0"]

1. d4 d5 2. c4 dxc4 3. e3 Nc6 4. Bxc4 e6 5. a3 a6 6. Nc3 Bd7 7. Bd2 Qf6 8. Ne4 Qg6 9. Ng3 Nf6 10. Nf3 Bd6 11. Bb3 Bxg3 12. hxg3 Ne4 13. Bc2 f5 14. Nh4 Qf7 15. Qf3 O-O-O 16. Bxe4 Rhf8 17. Bd3 h5 18. Qe2 g5 19. Nf3 g4 20. Ng5 Qg6 21. f4 gxf3 22. Nxf3 Qxg3+ 23. Kd1 e5 24. Bxa6 exd4 25. Rh3 Qg4 26. Qb5 Be6 27. Bxb7+ Kd7 28. Qxc6+ Ke7 29. Bb4+ Kf6 30. Ke1 Rfe8 31. Rd1 Qxg2 32. Rxh5 Rd6 33. Rh6+ Kg7 34. Qxc7+ Kxh6 35. Qxd6 dxe3 36. Qf4+ Kh7 37. Ng5+ Kg7 38. Bxg2 e2 39. Nxe6+ Rxe6 40. Rd7+ Kf6 41. Bc3+ Kg6 42. Qg3+ Kh5 43. Bf3+ Kh6 44. Qg7# {Black checkmated} 1-0

[Event "FICS rated blitz game"]
[Site "FICS freechess.org"]
[FICSGamesDBGameNo "20000862"]
[White "mattsson"]
[Black "jeismann"]
[WhiteElo "1334"]
[BlackElo "1599"]
[WhiteRD "na"]
[BlackRD "na"]
[TimeControl "180+5"]
[Date "1999.06.12"]
[Time "17:16:00"]
[WhiteClock "0:03:00.000"]
[BlackClock "0:03:00.000"]
[ECO "D35"]
[PlyCount "58"]
[Result "0-1"]

1. Nf3 d5 2. c4 e6 3. Nc3 Nf6 4. cxd5 exd5 5. d4 c6 6. Bg5 Nbd7 7. e3 Qa5 8. Qc2 Be7 9. Bd3 O-O 10. O-O h6 11. Bf4 Nh5 12. Bxh6 gxh6 13. g4 Nhf6 14. g5 hxg5 15. Nxg5 Qc7 16. Kh1 Ng4 17. Bh7+ Kh8 18. f4 Bxg5 19. Rg1 Ndf6 20. Bg6 fxg6 21. Qxg6 Rg8 22. Qc2 Bh6 23. Rg3 Bd7 24. Rh3 Kg7 25. Rg1 Rh8 26. Nxd5 Qd8 27. Nxf6 Qxf6 28. Qe4 Kf7 29. d5 Nf2+ {White resigns} 0-1

[Event "FICS rated blitz game"]
[Site "FICS freechess.org"]
[FICSGamesDBGameNo "20000861"]
[White "jluke"]
[Black "hackberry"]
[WhiteElo "1251"]
[BlackElo "1298"]
[WhiteRD "na"]
[BlackRD "na"]
[TimeControl "180+0"]
[Date "1999.06.12"]
[Time "12:12:00"]
[WhiteClock "0:03:00.000"]
[BlackClock "0:03:00.000"]
[ECO "B21"]
[PlyCount "41"]
[Result "1-0"]

1. e4 c5 2. d4 cxd4 3. Qxd4 Nc6 4. Qd5 e6 5. Qd3 a6 6. Nc3 b5 7. Nf3 Bb7 8. Nd4 Nb4 9. Qd2 Bc5 10. Nf3 Nc6 11. Be2 Na5 12. O-O b4 13. Na4 Ba7 14. c3 bxc3 15. bxc3 Bxe4 16. Ba3 Rc8 17. Ng5 Bd5 18. Bh5 g6 19. Bf3 Bxf3 20. Nxf3 Nc4 21. Qc1 {Black resigns} 1-0

[Event "FICS rated lightning game"]
[Site "FICS freechess.org"]
[FICSGamesDBGameNo "20000860"]
[White "minou"]
[Black "joner"]
[WhiteElo "1581"]
[BlackElo "1875"]
[WhiteRD "na"]
[BlackRD "na"]
[TimeControl "120+0"]
[Date "1999.06.12"]
[Time "11:58:00"]
[WhiteClock "0:02:00.000"]
[BlackClock "0:02:00.000"]
[ECO "A08"]
[PlyCount "44"]
[Result "0-1"]

1. Nf3 Nf6 2. g3 d5 3. Bg2 c5 4. O-O Nc6 5. d3 e5 6. c3 Be7 7. Nbd2 Kf8 8. e4 d4 9. cxd4 cxd4 10. Nc4 Nd7 11. b3 h6 12. Bb2 g5 13. Bh3 Kg7 14. Rc1 b5 15. Bf5 bxc4 16. bxc4 Nf6 17. Bxc8 Qxc8 18. h4 Qh3 19. Nh2 gxh4 20. Qa4 Rac8 21. f4 hxg3 22. fxe5 Qxh2# {White checkmated} 0-1

[Event "FICS rated lightning game"]
[Site "FICS freechess.org"]
[FICSGamesDBGameNo "20000859"]
[White "meteore"]
[Black "GroverMonster"]
[WhiteElo "1807"]
[BlackElo "1795"]
[WhiteRD "na"]
[BlackRD "na"]
[TimeControl "60+0"]
[Date "1999.06.12"]
[Time "06:00:00"]
[WhiteClock "0:01:00.000"]
[BlackClock "0:01:00.000"]
[ECO "A45"]
[PlyCount "67"]
[Result "1-0"]

1. d4 Nf6 2. c3 e6 3. Bg5 b6 4. Nd2 Bb7 5. e3 d5 6. Bd3 Be7 7. f4 c5 8. Ngf3 Nc6 9. O-O Rc8 10. Ne5 a6 11. Qe2 Qc7 12. Rf3 b5 13. Rg3 cxd4 14. exd4 Nxe5 15. fxe5 Ne4 16. Nxe4 dxe4 17. Bxe4 Bxe4 18. Qxe4 g6 19. Qf4 b4 20. Bf6 Rg8 21. Rh3 bxc3 22. bxc3 h5 23. Rf1 Bxf6 24. Qxf6 Qb7 25. Rhf3 Rc7 26. Qg5 Rg7 27. Qh6 Rg8 28. Qh7 Rf8 29. Qg7 Qe4 30. Rf6 Rxc3 31. Rxe6+ Kd7 32. Rxf7+ Rxf7 33. Qxf7+ Kd8 34. Re8# {Black checkmated} 1-0

[Event "FICS rated blitz game"]
[Site "FICS freechess.org"]
[FICSGamesDBGameNo "20000858"]
[White "Sokolsky"]
[Black "dog"]
[WhiteElo "1718"]
[BlackElo "1826"]
[WhiteRD "na"]
[BlackRD "na"]
[TimeControl "300+0"]
[Date "1999.06.11"]
[Time "23:07:00"]
[WhiteClock "0:05:00.000"]
[BlackClock "0:05:00.000"]
[ECO "E24"]
[PlyCount "56"]
[Result "0-1"]

1. d4 Nf6 2. c4 e6 3. Nc3 Bb4 4. a3 Bxc3+ 5. bxc3 h6 6. f3 c5 7. e4 O-O 8. Bd3 b6 9. Ne2 Ba6 10. O-O Nc6 11. Qa4 Na5 12. Bf4 d5 13. Rab1 dxc4 14. Bc2 b5 15. Rxb5 Bxb5 16. Qxb5 cxd4 17. Nxd4 Nd7 18. e5 Rb8 19. Qa6 Qb6 20. Qxb6 Rxb6 21. Kf2 Rb2 22. Ke3 Nc5 23. Bg3 Rd8 24. Rb1 Rdb8 25. Rd1 Ra2 26. Bb1 Rxa3 27. Nb5 Rb3 28. Nxa7 Rxb1 {White resigns} 0-1

[Event "FICS rated blitz game"]
[Site "FICS freechess.org"]
[FICSGamesDBGameNo "20000857"]
[White "Manhandle"]
[Black "albedo"]
[WhiteElo "1792"]
[BlackElo "1765"]
[WhiteRD "na"]
[BlackRD "na"]
[TimeControl "180+0"]
[Date "1999.06.11"]
[Time "22:13:00"]
[WhiteClock "0:03:00.000"]
[BlackClock "0:03:00.000"]
[ECO "C10"]
[PlyCount "163"]
[Result "1-0"]

1. e4 e6 2. d4 d5 3. Nc3 c5 4. exd5 exd5 5. dxc5 d4 6. Ne4 Nf6 7. Bg5 Be7 8. Bxf6 Bxf6 9. Bb5+ Nc6 10. Nf3 O-O 11. Nd6 Bg4 12. Bxc6 bxc6 13. O-O Qa5 14. h3 Bxf3 15. Qxf3 Qxc5 16. Ne4 Qe5 17. Nxf6+ Qxf6 18. Qxf6 gxf6 19. Rfe1 Rab8 20. b3 Rfe8 21. Kf1 c5 22. Rad1 Kf8 23. Rd3 Rxe1+ 24. Kxe1 Re8+ 25. Kd2 Kg7 26. c3 dxc3+ 27. Rxc3 Re5 28. Rc4 f5 29. Ra4 Re7 30. Ra5 Rc7 31. Kc3 Kf6 32. Kc4 Re7 33. Kxc5 Re5+ 34. Kb4 Re7 35. Rc5 Re2 36. Ra5 Rxf2 37. Rxa7 Rxg2 38. a4 f4 39. Rd7 f3 40. Rd1 f2 41. Rf1 Ke5 42. a5 Ke4 43. a6 Ke3 44. a7 Rg8 45. Ka5 Ke2 46. Rxf2+ Kxf2 47. b4 f5 48. b5 f4 49. b6 Ke3 50. b7 f3 51. b8=Q Rxb8 52. axb8=Q f2 53. Qe5+ Kd2 54. Qf4+ Ke1 55. Qe3+ Kf1 56. Kb5 Kg2 57. Qe2 Kg1 58. Qg4+ Kh2 59. Qf4+ Kg2 60. Qg4+ Kh2 61. Qf3 Kg1 62. Qg3+ Kf1 63. Kc5 Ke2 64. Qe5+ Kf3 65. Qf5+ Ke3 66. h4 Ke2 67. Qe4+ Kd2 68. Qf3 Ke1 69. Qe3+ Kf1 70. h5 h6 71. Kd5 Kg2 72. Qe2 Kg1 73. Ke5 f1=Q 74. Qxf1+ Kxf1 75. Kf5 Kg2 76. Kg6 Kf3 77. Kxh6 Kf4 78. Kg7 Kf5 79. h6 Ke6 80. h7 Ke5 81. h8=Q Kd4 82. Qh4+ {Black forfeits on time} 1-0

[Event "FICS rated blitz game"]
[Site "FICS freechess.org"]
[FICSGamesDBGameNo "20000856"]
[White "jedsaraiva"]
[Black "kmah"]
[WhiteElo "1024"]
[BlackElo "1182"]
[WhiteRD "na"]
[BlackRD "na"]
[TimeControl "300+5"]
[Date "1999.06.11"]
[Time "17:56:00"]
[WhiteClock "0:05:00.000"]
[BlackClock "0:05:00.000"]
[ECO "B44"]
[PlyCount "50"]
[Result "0-1"]

1. e4 e6 2. d4 c5 3. Nf3 cxd4 4. Nxd4 Nc6 5. Bc4 Bc5 6. Nxc6 bxc6 7. O-O Nf6 8. Bg5 O-O 9. e5 d6 10. exf6 gxf6 11. Bh6 f5 12. g4 e5 13. gxf5 Bxf5 14. Bd3 Bxd3 15. Qg4+ Bg6 16. h4 f5 17. Qg2 Qxh4 18. Bxf8 Rxf8 19. Nd2 f4 20. Qxc6 Qg4+ 21. Kh1 Kh8 22. Ne4 Bxe4+ 23. Qxe4 Rg8 24. Qxh7+ Kxh7 25. Rg1 Qh3# {White checkmated} 0-1

[Event "FICS rated blitz game"]
[Site "FICS freechess.org"]
[FICSGamesDBGameNo "20000855"]
[White "Ynought"]
[Black "bungler"]
[WhiteElo "1431"]
[BlackElo "1065"]
[WhiteRD "na"]
[BlackRD "na"]
[TimeControl "120+12"]
[Date "1999.06.11"]
[Time "16:03:00"]
[WhiteClock "0:02:00.000"]
[BlackClock "0:02:00.000"]
[ECO "B01"]
[PlyCount "97"]
[Result "1-0"]

1. e4 d5 2. exd5 Qxd5 3. Nc3 Qe6+ 4. Qe2 Qd6 5. Nf3 Bg4 6. d3 Nf6 7. g3 g6 8. Bg2 Nc6 9. Bf4 Qb4 10. O-O Bg7 11. Bxc7 Qxb2 12. Ne4 Nd5 13. Rab1 Qxa2 14. Rxb7 Nxc7 15. Rxc7 O-O 16. Rxc6 Qa4 17. Rc4 Qd7 18. Qe3 a5 19. Nc5 Qf5 20. Nh4 Qc8 21. Qxe7 Bh6 22. Bf3 Bxf3 23. Nxf3 Re8 24. Qh4 Ra7 25. Qxh6 f5 26. Ne4 Qe6 27. Nfg5 Qe7 28. Nc5 a4 29. Nxa4 Qb7 30. Nc5 Qb5 31. Nb3 Re2 32. Rc8+ Re8 33. Rxe8+ Qxe8 34. Nd4 Ra6 35. Qxh7+ Kf8 36. Qh8+ Ke7 37. Qxe8+ Kxe8 38. Re1+ Kf8 39. Nde6+ Ke7 40. Nc5+ Kf6 41. Nxa6 Kxg5 42. c4 Kg4 43. c5 Kg5 44. c6 Kf6 45. c7 Kg5 46. c8=Q Kg4 47. Qh8 g5 48. Kg2 f4 49. Qh3# {Black checkmated} 1-0

[Event "FICS rated blitz game"]
[Site "FICS freechess.org"]
[FICSGamesDBGameNo "20000854"]
[White "marvin"]
[Black "Vladimir"]
[WhiteElo "1954"]
[BlackElo "1877"]
[WhiteRD "na"]
[BlackRD "na"]
[TimeControl "180+0"]
[Date "1999.06.11"]
[Time "13:59:00"]
[WhiteClock "0:03:00.000"]
[BlackClock "0:03:00.000"]
[ECO "C47"]
[PlyCount "116"]
[Result "1/2-1/2"]

1. e4 e5 2. Nf3 Nc6 3. Nc3 Nf6 4. d4 exd4 5. Nd5 Be7 6. Bf4 O-O 7. Nxc7 Nh5 8. Nd5 Nxf4 9. Nxf4 Bb4+ 10. Nd2 Re8 11. Bd3 Qg5 12. Qf3 Bxd2+ 13. Kxd2 Ne5 14. Qg3 Qxg3 15. hxg3 d6 16. Nd5 Rb8 17. f4 Ng4 18. Be2 Ne3 19. Nxe3 dxe3+ 20. Kxe3 Bf5 21. Rhd1 Bxe4 22. Rxd6 Rbc8 23. c3 Bxg2+ 24. Kf2 Bc6 25. Rad1 h6 26. Bf3 Bb5 27. R1d2 b6 28. Bb7 Rb8 29. Bf3 Rbc8 30. a3 g6 31. R2d4 Kg7 32. Rd2 Rc7 33. R2d4 Rce7 34. Rd1 Re1 35. Rxe1 Rxe1 36. Kxe1 Kf8 37. Kf2 Ke7 38. c4 Bd7 39. Rxd7+ Kxd7 40. Bd5 Kd6 41. b4 f6 42. Bg8 a5 43. Ke3 axb4 44. axb4 b5 45. Kd4 bxc4 46. Kxc4 Kc6 47. b5+ Kb6 48. Kb4 Kc7 49. Kc5 Kb7 50. b6 Kc8 51. Bd5 Kd7 52. Kb5 Kd6 53. b7 Kxd5 54. Ka6 Kd4 55. b8=Q Kd3 56. Qb4 Ke2 57. Kb5 Kf3 58. Kc5 Kxg3 {Game drawn because both players ran out of time} 1/2-1/2

[Event "FICS rated blitz game"]
[Site "FICS freechess.org"]
[FICSGamesDBGameNo "20000853"]
[White "gambaruzo"]
[Black "hackberry"]
[WhiteElo "1343"]
[BlackElo "1337"]
[WhiteRD "na"]
[BlackRD "na"]
[TimeControl "120+12"]
[Date "1999.06.11"]
[Time "13:57:00"]
[WhiteClock "0:02:00.000"]
[BlackClock "0:02:00.000"]
[ECO "B23"]
[PlyCount "41"]
[Result "1-0"]

1. e4 c5 2. Nc3 a6 3. f4 b5 4. Nf3 Bb7 5. d3 e6 6. Be2 Nf6 7. O-O Be7 8. Ng5 d6 9. Bg4 Nc6 10. Be3 Nxg4 11. Qxg4 Bf6 12. Nxe6 fxe6 13. Qxe6+ Qe7 14. Qxe7+ Nxe7 15. Rad1 Bxc3 16. bxc3 O-O 17. f5 Nc6 18. d4 cxd4 19. cxd4 Nb4 20. Rd2 Bxe4 21. c3 {Black resigns} 1-0

[Event "FICS rated blitz game"]
[Site "FICS freechess.org"]
[FICSGamesDBGameNo "20000852"]
[White "castlechaos"]
[Black "xnandrie"]
[WhiteElo "1426"]
[BlackElo "1240"]
[WhiteRD "na"]
[BlackRD "na"]
[TimeControl "120+12"]
[Date "1999.06.11"]
[Time "10:54:00"]
[WhiteClock "0:02:00.000"]
[BlackClock "0:02:00.000"]
[ECO "B40"]
[PlyCount "59"]
[Result "1-0"]

1. e4 e6 2. Nf3 c5 3. d4 cxd4 4. Nxd4 b6 5. Nc3 Bb7 6. Be2 Bb4 7. f3 Ne7 8. O-O d5 9. e5 Ng6 10. f4 O-O 11. Bd3 Ba6 12. Bd2 Bxd3 13. cxd3 Bc5 14. Be3 Qh4 15. Qf3 Qe7 16. Rac1 f6 17. exf6 Rxf6 18. Kh1 Bxd4 19. Bxd4 Rxf4 20. Nxd5 exd5 21. Qxd5+ Kh8 22. Bxg7+ Kxg7 23. Rxf4 Nxf4 24. Qxa8 Na6 25. Qf3 Ng6 26. Qe4 Nc5 27. Qxe7+ Nxe7 28. d4 Na4 29. Rc2 Kf6 30. b3 {Black resigns} 1-0

[Event "FICS rated standard game"]
[Site "FICS freechess.org"]
[FICSGamesDBGameNo "20000851"]
[White "Toque"]
[Black "Bjack"]
[WhiteElo "1884"]
[BlackElo "1748"]
[WhiteRD "na"]
[BlackRD "na"]
[TimeControl "1080+7"]
[Date "1999.06.11"]
[Time "10:50:00"]
[WhiteClock "0:18:00.000"]
[BlackClock "0:18:00.000"]
[ECO "B07"]
[PlyCount "57"]
[Result "1-0"]

1. e4 d6 2. d4 Nf6 3. Nc3 a6 4. f4 e6 5. Nf3 g6 6. e5 Nfd7 7. Be2 Bg7 8. O-O O-O 9. Ne4 dxe5 10. fxe5 h6 11. Be3 f6 12. exf6 Nxf6 13. Nxf6+ Rxf6 14. Ne5 Rxf1+ 15. Qxf1 Bxe5 16. dxe5 Kg7 17. Qf4 g5 18. Qe4 Qd5 19. Qg4 Nc6 20. Bxg5 hxg5 21. Qxg5+ Kh8 22. Qf6+ Kg8 23. Rf1 Bd7 24. Qf7+ Kh8 25. Rf4 Qc5+ 26. Kh1 Qe7 27. Qh5+ Qh7 28. Qg5 Rg8 29. Qf6+ {Black resigns} 1-0

[Event "FICS rated standard game"]
[Site "FICS freechess.org"]
[FICSGamesDBGameNo "20000850"]
[White "RSWtwo"]
[Black "twinkle"]
[WhiteElo "1851"]
[BlackElo "1788"]
[WhiteRD "na"]
[BlackRD "na"]
[TimeControl "120+20"]
[Date "1999.06.11"]
[Time "07:22:00"]
[WhiteClock "0:02:00.000"]
[BlackClock "0:02:00.000"]
[ECO "B23"]
[PlyCount "81"]
[Result "1-0"]

1. e4 c5 2. Nc3 d6 3. f4 e5 4. f5 Nf6 5. Bc4 Nc6 6. d3 Be7 7. h3 a6 8. Nf3 b5 9. Bd5 Nxd5 10. Nxd5 Bh4+ 11. Kf1 Ra7 12. g4 Ne7 13. Ne3 g5 14. Ng2 h5 15. Nxg5 Bxg5 16. Bxg5 hxg4 17. Qxg4 Rg8 18. Qh4 Kd7 19. Qh7 Rxg5 20. h4 Rg8 21. Qxf7 Kc6 22. a4 b4 23. a5 Qf8 24. Qxf8 Rxf8 25. h5 Ng8 26. Ne3 Nf6 27. c3 bxc3 28. bxc3 Rb7 29. Nc4 Rb3 30. h6 Rxc3 31. Rb1 Nd7 32. h7 Rh8 33. Rh3 Bb7 34. Ke2 Nf6 35. Rh6 Rxc4 36. Rxf6 Ra4 37. Rb6+ Kc7 38. Rf7+ Kb8 39. Rfxb7+ Ka8 40. Rb8+ Rxb8 41. Rxb8+ {Black resigns} 1-0

[Event "FICS rated lightning game"]
[Site "FICS freechess.org"]
[FICSGamesDBGameNo "20000849"]
[White "Grande"]
[Black "trelling"]
[WhiteElo "1728"]
[BlackElo "1654"]
[WhiteRD "na"]
[BlackRD "na"]
[TimeControl "60+0"]
[Date "1999.06.11"]
[Time "04:42:00"]
[WhiteClock "0:01:00.000"]
[BlackClock "0:01:00.000"]
[ECO "A00"]
[PlyCount "68"]
[Result "0-1"]

1. d3 Nf6 2. e4 e6 3. e5 Ng8 4. f4 d5 5. Nf3 c5 6. Be2 Nc6 7. O-O a6 8. Kh1 b5 9. c3 Qb6 10. d4 cxd4 11. cxd4 Nge7 12. Bd3 g6 13. Be3 Nf5 14. g4 Nxe3 15. Qe2 Nxf1 16. Qxf1 Nxd4 17. Qf2 Bc5 18. b4 Nxf3 19. bxc5 Qc6 20. Qxf3 Qxc5 21. Nd2 Bb7 22. Nb3 Qc7 23. Rc1 Qd7 24. Kg1 d4 25. Be4 Bxe4 26. Qxe4 O-O 27. f5 d3 28. f6 d2 29. Rd1 Rad8 30. Qe3 Kh8 31. Qh6 Rg8 32. Nc5 Qd4+ 33. Kg2 Qxc5 34. Rxd2 Qc6+ {White forfeits on time} 0-1

[Event "FICS rated standard game"]
[Site "FICS freechess.org"]
[FICSGamesDBGameNo "20000848"]
[White "paraplan"]
[Black "vipiu"]
[WhiteElo "1810"]
[BlackElo "1756"]
[WhiteRD "na"]
[BlackRD "na"]
[TimeControl "1200+20"]
[Date "1999.06.11"]
[Time "03:33:00"]
[WhiteClock "0:20:00.000"]
[BlackClock "0:20:00.000"]
[ECO "B75"]
[PlyCount "135"]
[Result "1-0"]

1. e4 c5 2. Nf3 d6 3. d4 cxd4 4. Nxd4 Nf6 5. Nc3 g6 6. f3 Bg7 7. Be3 Bd7 8. Qd2 Nc6 9. Bc4 a6 10. O-O-O b5 11. Bb3 Na5 12. g4 Nxb3+ 13. Nxb3 a5 14. Bh6 O-O 15. Bxg7 Kxg7 16. e5 Ne8 17. exd6 Nxd6 18. Rhe1 Be6 19. Nc5 Qc8 20. Qd4+ Kg8 21. a3 b4 22. axb4 axb4 23. Qxb4 Ra1+ 24. Kd2 Nc4+ 25. Ke2 Rxd1 26. Nxd1 Rd8 27. Nxe6 Qxe6+ 28. Kf1 Nd2+ 29. Kf2 Qd5 30. Ne3 Qxf3+ 31. Kg1 Qh3 32. Re2 Nf3+ 33. Kf2 Nxh2 34. Qxe7 Qf3+ 35. Kg1 Qg3+ 36. Kh1 Qf3+ 37. Kg1 Qg3+ 38. Kh1 Qf3+ 39. Rg2 Rd2 40. Qe8+ Kg7 41. Qe5+ Kg8 42. Kxh2 Rxg2+ 43. Nxg2 Qxg4 44. c3 Qa4 45. b4 h5 46. Kg3 Qa6 47. Ne3 Qd3 48. b5 Qe2 49. b6 Qe1+ 50. Kf3 Qh1+ 51. Ke2 h4 52. Qe8+ Kg7 53. Qe5+ Kg8 54. Ng4 Qg2+ 55. Nf2 h3 56. Ke3 h2 57. Qb8+ Kg7 58. b7 Qg5+ 59. Qf4 Qe7+ 60. Qe4 Qg5+ 61. Ke2 Qb5+ 62. Ke3 Qg5+ 63. Kf3 Qh5+ 64. Kg3 h1=Q 65. Nxh1 Qg5+ 66. Kf3 Qh5+ 67. Ke3 Qh3+ 68. Kd2 {Black resigns} 1-0